Map: King Sejong Station LE

Players

Drager - Winner!

  • Race: Protoss Protoss
  • League: Master

Zerghamdi

  • Race: Zerg Zerg
  • League: Master

VOD

https://www.youtube.com/channel/UCcSgNfDNxvyisU-eCj9xyNg/playlists

Description

Time

  • Played on: Aug. 26, 2016, 9:31 a.m.
  • Length: 10:55
Show
View Real Time Build Order
Export as new Build Order

Drager Protoss - Winner!

Build Orders:  

Get SALT Encoding   

  12  0:00  Probe (Chrono Boost)  
  13  0:11  Probe (Chrono Boost)  
  14  0:18  Pylon  
  14  0:22  Probe (Chrono Boost)  
  15  0:36  Probe (Chrono Boost)  
  15  0:38  Gateway  
  16  0:45  Assimilator  
  16  0:47  Probe (Chrono Boost)  
  17  0:57  Probe (Chrono Boost)  
  18  1:08  Probe (Chrono Boost)  
  19  1:22  Zealot  
  19  1:25  Cybernetics Core  
  19  1:28  Pylon  
  21  1:46  Zealot  
  21  1:47  Assimilator  
  22  2:05  Mothership Core (Chrono Boost)  
  24  2:09  Adept  
  26  2:23  Pylon  
  26  2:25  Probe (Chrono Boost)  
  27  2:33  Nexus, Adept  
  27  2:37  Probe (Chrono Boost)  
  30  2:44  Gateway  
  30  2:49  Probe (Chrono Boost)  
  31  3:05  Warp Gate  
  31  3:41  Probe (Chrono Boost)  
  31  3:44  Adept, Gateway  
  31  3:46  Pylon  
  33  3:51  Probe (Chrono Boost)  
  34  3:57  Probe (Chrono Boost)  
  34  4:02  Probe (Chrono Boost)  
  35  4:08  Probe (Chrono Boost)  
  36  4:12  Probe (Chrono Boost)  
  36  4:15  Twilight Council  
  37  4:18  Probe (Chrono Boost)  
  37  4:23  Probe (Chrono Boost)  
  39  4:29  Probe (Chrono Boost)  
  40  4:33  Probe (Chrono Boost)  
  40  4:35  Gateway  
  40  4:36  Gateway  
  40  4:38  Resonating Glaives  
  41  4:39  Probe (Chrono Boost)  
  41  4:44  Probe (Chrono Boost)  
  43  4:47  Pylon  
  43  4:50  Probe (Chrono Boost)  
  44  4:57  Probe (Chrono Boost)  
  45  5:00  Probe (Chrono Boost)  
  46  5:09  Probe (Chrono Boost)  
  46  5:11  Probe (Chrono Boost)  
  46  5:13  Stargate  
  48  5:15  Stargate, Adept x2  
  48  5:21  Probe (Chrono Boost)  
  51  5:24  Assimilator  
  51  5:26  Probe (Chrono Boost)  
  52  5:28  Assimilator  
  52  5:33  Probe (Chrono Boost)  
  53  5:36  Pylon, Adept  
  53  5:37  Adept  
  53  5:41  Adept  
  59  5:44  Adept  
  58  5:53  Probe (Chrono Boost)  
  58  5:55  Probe (Chrono Boost)  
  60  5:57  Adept  
  60  5:58  Adept  
  63  6:05  Probe (Chrono Boost)  
  63  6:09  Probe (Chrono Boost)  
  64  6:13  Phoenix x2  
  64  6:17  Probe (Chrono Boost)  
  69  6:21  Probe (Chrono Boost)  
  70  6:43  Pylon x2  
  70  6:53  Probe x2 (Chrono Boost)  
  70  6:58  Phoenix x2  
  74  7:05  Probe x2 (Chrono Boost)  
  70  7:16  Nexus  
  70  7:17  Probe x2 (Chrono Boost)  
  70  7:18  Pylon  
  70  7:19  Phoenix x2  
  64  7:29  Probe (Chrono Boost)  
  68  7:30  Probe (Chrono Boost)  
  68  7:35  Pylon  
  68  7:41  Probe (Chrono Boost), Phoenix x2, Adept x3  
  75  7:47  Probe (Chrono Boost)  
  81  7:59  Probe (Chrono Boost)  
  81  8:01  Adept x3  
  81  8:03  Phoenix, Adept  
  89  8:07  Phoenix  
  94  8:13  Probe (Chrono Boost)  
  94  8:24  Phoenix  
  96  8:28  Probe x2 (Chrono Boost)  
  96  8:31  Probe (Chrono Boost)  
  99  8:39  Adept x4  
  99  8:40  Probe x2 (Chrono Boost)  
  107  8:48  Probe (Chrono Boost)  
  102  8:51  Phoenix x2  
  103  8:58  Probe (Chrono Boost)  
  103  8:59  Probe x2 (Chrono Boost), Assimilator  
  105  9:04  Assimilator  
  106  9:11  Probe (Chrono Boost)  
  106  9:12  Phoenix x2  
  106  9:16  Probe (Chrono Boost)  
  112  9:17  Probe (Chrono Boost)  
  112  9:25  Adept x2  
  112  9:30  Pylon  
  112  9:31  Pylon  
  117  9:38  Pylon  
  117  9:39  Probe (Chrono Boost)  
  117  9:45  Phoenix  
  117  9:50  Probe (Chrono Boost)  
  117  9:52  Phoenix  
  122  10:07  Phoenix  
  122  10:08  Adept x4  
  122  10:14  Phoenix  
  132  10:19  Probe (Chrono Boost)  
  135  10:29  Adept x3  
  135  10:34  Gateway  
  141  10:35  Gateway  
  141  10:40  Gateway  
  141  10:43  Gateway  
Show
View Real Time Build Order
Export as new Build Order

Zerghamdi Zerg 

Build Orders: Pool First 

Get SALT Encoding   

  12  0:00  Drone  
  13  0:13  Extractor  
  12  0:24  Spawning Pool  
  11  0:28  Drone  
  11  0:33  Drone  
  13  0:41  Drone  
  14  0:50  Overlord  
  14  1:12  Zergling x6  
  14  1:13  Metabolic Boost  
  17  1:23  Zergling x2  
  18  1:29  Queen  
  20  1:33  Zergling x2  
  21  1:41  Evolution Chamber  
  21  1:45  Zergling x2  
  21  1:57  Zergling x2  
  22  2:05  Overlord  
  22  2:23  Hatchery  
  22  2:29  Zergling x2  
  22  2:33  Zergling x2  
  23  2:38  Zergling x2  
  23  2:55  Zergling x6  
  26  3:04  Zergling x2  
  27  3:14  Drone x2  
  27  3:15  Drone  
  30  3:26  Zergling x2  
  28  3:30  Zergling x2  
  26  3:40  Drone  
  24  3:45  Drone  
  24  3:46  Drone x2  
  26  3:51  Drone x2  
  27  3:55  Overlord  
  26  4:08  Drone x2  
  26  4:09  Overlord  
  27  4:15  Drone  
  27  4:19  Drone  
  28  4:24  Queen  
  28  4:27  Drone  
  28  4:28  Drone  
  28  4:29  Drone  
  32  4:39  Zergling x6  
  32  4:40  Zergling x2  
  36  4:48  Drone  
  37  4:55  Hatchery  
  36  5:01  Drone  
  36  5:02  Drone x2  
  39  5:10  Zergling x6  
  42  5:14  Drone  
  42  5:15  Drone  
  44  5:24  Roach Warren  
  44  5:25  Drone  
  44  5:30  Overlord  
  44  5:31  Overlord  
  44  5:39  Lair  
  44  5:48  Queen  
  44  5:49  Drone  
  46  5:50  Drone x2  
  46  5:51  Zergling x4  
  46  5:52  Zergling x4  
  51  5:58  Zergling x4  
  51  5:59  Zergling x2  
  53  6:04  Drone x3  
  52  6:11  Zergling x2  
  52  6:12  Zergling x4  
  52  6:15  Zergling x4  
  57  6:19  Zergling x2  
  57  6:20  Queen  
  57  6:24  Queen  
  62  6:36  Overlord x3  
  59  6:42  Roach  
  59  6:43  Roach x4  
  64  6:51  Roach  
  64  6:53  Overlord x2  
  64  6:54  Overlord  
  61  6:56  Overseer  
  61  7:05  Roach x4  
  65  7:13  Queen  
  62  7:21  Queen x2  
  65  7:37  Drone x3, Extractor  
  67  7:43  Overlord  
  67  7:51  Nydus Network  
  65  7:53  Spore Crawler  
  59  8:08  Drone x14  
  71  8:13  Spore Crawler  
  71  8:16  Queen  
  68  8:22  Spore Crawler  
  67  8:28  Hydralisk Den, Extractor  
  67  8:30  Drone x2  
  58  8:55  Extractor  
  49  8:58  Muscular Augments  
  49  9:01  Drone x3  
  46  9:04  Drone x7  
  46  9:06  Spore Crawler  
  52  9:11  Drone  
  52  9:14  Drone  
  47  9:18  Queen  
  46  9:24  Hydralisk x3  
  46  9:25  Hydralisk  
  46  9:29  Hydralisk  
  56  9:32  Overseer  
  56  9:34  Hydralisk  
  56  9:35  Hydralisk  
  60  9:38  Hydralisk  
  60  9:42  Hydralisk  
  64  9:48  Hydralisk  
  64  9:52  Drone x3  
  65  9:57  Hydralisk  
  59  10:06  Hydralisk  
  59  10:07  Hydralisk  
  58  10:17  Drone x2  
  58  10:18  Drone x2  
  58  10:19  Drone x2  
  58  10:20  Hydralisk x2  
  65  10:26  Hydralisk  
  66  10:40  Extractor  
Tags
 
Add a new tag
Caveats
  • Supply blocks, unpowered buildings, or Contaminate may cause inaccurate times.
  • Supply counts are checked every 10 seconds.